 Dungeon Crawl Stone Soup version 0.26-a0-639-g72c4674329 (webtiles) character file.

Game seed: 8754677779093886721

162270 Borgoz the Warrior (level 17, -1/116 HPs)
             Began as a Gargoyle Berserker on Sept 20, 2020.
             Was the Champion of Trog.
             Slain by the 27-headed Lernaean hydra (9 damage)
             ... on level 4 of the Swamp.
             The game lasted 01:04:14 (31984 turns).

Borgoz the Warrior (Gargoyle Berserker)            Turns: 31984, Time: 01:04:15

Health: -1/116     AC: 26    Str: 27    XL:     17   Next: 80%
Magic:  0/17       EV: 28    Int: 11    God:    Trog [******]
Gold:   1862       SH:  0    Dex: 29    Spells: 16/16 levels left

rFire    + + .     SeeInvis .   c - +10 dire flail of Uncertain Death {vorpal, Dex+5}
rCold    + . .     Faith    .   (shield currently unavailable)
rNeg     + . .     Spirit   +   A - +0 acid dragon scales
rPois    ∞         Reflect  .   (no helmet)
rElec    +         Harm     .   g - scarf {repulsion}
rCorr    +         Rampage  .   b - +2 pair of gloves "Ucweik" {rC+}
MR       +++..                  (no boots)
Stlth    ++........             n - amulet of Pyur {Spirit *Slow rF++ Dex+5}
HPRegen  1.29/turn              q - +6 ring of dexterity
MPRegen  0.15/turn              z - +6 ring of strength

@: flying, regenerating, slowed, studying Fighting, repel missiles, very slow
A: big wings, negative energy resistance 1, electricity resistance, unbreathing,
petrification resistance, rot immunity, AC +12
a: Stop Flying, Berserk, Trog's Hand, Brothers in Arms, Renounce Religion


You were on level 4 of the Swamp.
You worshipped Trog.
Trog was exalted by your worship.
You visited 5 branches of the dungeon, and saw 28 of its levels.
You also visited: Ossuary, Gauntlet and Ice Cave.

You collected 3831 gold pieces.
You spent 1969 gold pieces at shops.

Inventory:

Hand Weapons
 c - the +10 dire flail of Uncertain Death (weapon) {vorpal, Dex+5}
   (Trog gifted it to you in an ice cave)

   It inflicts extra damage upon your enemies.
   It affects your dexterity (+5).
Missiles
 B - 2 throwing nets (quivered)
Armour
 b - the +2 pair of gloves "Ucweik" (worn) {rC+}
   (You acquired it on level 11 of the Dungeon)

   It protects you from cold.
 g - a scarf of repulsion (worn)
 A - +0 acid dragon scales (worn)
Jewellery
 d - an uncursed ring of protection from magic
 f - a +6 ring of strength
 n - the amulet of Pyur (around neck) {Spirit *Slow rF++ Dex+5}
   (You found it in a Gauntlet)

   [amulet of guardian spirit]

   It causes incoming damage to be split between your health and magic.
   It affects your dexterity (+5).
   It greatly protects you from fire.
   It may slow you when you take damage.
 q - a +6 ring of dexterity (left hand)
 x - an uncursed ring of fire {unknown}
 y - an uncursed ring of protection from fire
 z - a +6 ring of strength (right hand)
 K - an uncursed ring of protection from cold
Wands
 p - a wand of iceblast (36)
 r - a wand of digging (10)
 C - a wand of enslavement (3)
 F - a wand of paralysis (42)
 G - a wand of flame (66)
 I - a wand of polymorph (23)
 M - a wand of acid (13)
 N - a wand of disintegration (10)
Scrolls
 h - 5 scrolls of magic mapping
 i - 15 scrolls of remove curse
 k - 3 scrolls of fear
 l - a scroll of enchant armour
 m - a scroll of summoning
 o - 5 scrolls of fog
 t - 11 scrolls of teleportation
 E - 6 scrolls of blinking
Potions
 e - 15 potions of curing
 s - 6 potions of cancellation
 u - 6 potions of berserk rage
 v - 6 potions of haste
 w - 4 potions of ambrosia
 D - 2 potions of might
 H - a potion of mutation
 J - a potion of resistance
 L - 2 potions of heal wounds
 P - a potion of invisibility
Books
 a - a manual of Fighting
 j - a manual of Fighting


   Skills:
 + Level 16.9 Fighting
 * Level 16.6 Maces & Flails
 + Level 15.2 Armour
 * Level 14.2 Dodging
 - Level 5.0 Evocations


You had 16 spell levels left.
You didn't know any spells.
Your spell library was empty.

Dungeon Overview and Level Annotations

Branches:
Dungeon (15/15)            Temple (0/1) D:6            Lair (6/6) D:10
  Swamp (4/4) Lair:3       Spider (0/4) Lair:2        Slime (0/5) Lair:6
    Orc (2/2) D:9             Elf (1/3) Orc:2        Vaults (0/5) D:13
 Depths (0/5) D:15        Ossuary (visited)           IceCv (visited)
Gauntlet (visited)

Altars:
Dithmenos
Elyvilon
Kikubaaqudgha
Nemelex Xobeh
Ru
Wu Jian
Xom
Yredelemnul
Zin
The Shining One
Beogh

Shops:
D:9 [(   D:12 *   D:13 :   Orc:1 }   Orc:2 =??=

Annotations:
Swamp:4 Lernaean hydra


Innate Abilities, Weirdness & Mutations

You are resistant to torment.
Your stone body is resilient. (AC +12)
You are immune to poison.
Your large and strong wings let you fly indefinitely.
You resist negative energy. (rN+)
You are resistant to electric shocks. (rElec)
You can survive without breathing.
You are immune to petrification.
You are immune to rotting.


Message History

You hear a roar!
You hear a deafening roar! x2
The briar patch crumbles away.
The briar patch crumbles away. x2
The briar patch crumbles away.
The 27-headed Lernaean hydra bites you but does no damage.
The 27-headed Lernaean hydra misses you.
The 27-headed Lernaean hydra bites you but does no damage. x2
The 27-headed Lernaean hydra barely misses you.
The 27-headed Lernaean hydra bites you but does no damage. x4
The 27-headed Lernaean hydra completely misses you.
The 27-headed Lernaean hydra bites you!
* * * LOW HITPOINT WARNING * * *
The 27-headed Lernaean hydra completely misses you.
The 27-headed Lernaean hydra barely misses you. x2
The 27-headed Lernaean hydra closely misses you.
The 27-headed Lernaean hydra bites you.
* * * LOW HITPOINT WARNING * * *
The 27-headed Lernaean hydra bites you but does no damage.
The 27-headed Lernaean hydra bites you!
You die...

≈≈≈....≈§≈..≈≈≈≈♣♣
♣≈≈≈.♣♣.≈≈≈≈.
≈≈≈≈≈♣≈≈≈≈<≈≈...♣
♣♣≈≈≈♣♣♣♣≈≈≈≈.
≈≈≈≈≈♣≈...≈≈≈...♣♣♣♣.♣♣♣♣
♣♣≈≈≈.
≈≈....♣≈♣♣.≈≈.....♣≈≈♣
♣≈≈≈≈.
≈≈≈†....♣♣♣....<.≈≈≈♣♣
♣≈≈≈≈.
≈≈≈≈≈....♣♣<.≈§≈.≈≈≈.♣
♣♣.≈≈.
≈≈≈≈≈≈♣≈≈♣♣≈≈≈.≈.≈≈≈.♣
♣≈.≈≈
≈≈≈≈≈♣≈♣♣♣.≈≈.♣♣≈♣≈.≈♣
♣♣♣♣.
..♣.≈♣♣≈≈≈.≈≈♣♣.@≈...♣ ♣♣
♣♣♣≈♣♣.≈.≈..≈♣♣≈D≈≈≈≈♣ ♣
♣♣♣♣..≈..♣♣♣♣♣§.≈.≈≈.♣
≈≈♣♣.≈≈♣♣♣ ♣≈.≈§.≈.≈.♣♣
.♣..≈≈.♣ ♣.≈..≈.≈≈≈.♣
.♣≈..≈.♣ ♣≈..≈≈..≈≈≈♣
♣♣.≈≈.≈§♣§♣♣♣.≈≈≈.≈.≈.♣♣
♣♣.≈≈≈≈.≈.≈≈≈..♣...≈≈≈≈♣ ≈
..≈≈≈≈≈.≈)≈#♣≈###.≈≈≈≈≈♣♣♣
§.


You could see the 27-headed Lernaean hydra.

Vanquished Creatures
  Jorgrun (D:13)
  Frances (D:12)
  A thorn hunter (Swamp:4)
  Roxanne (Swamp:2)
  A frost giant (IceCv)
  A stone giant (Orc:1)
  Azrael (D:12)
  A minotaur (Gauntlet)
  An ettin (Orc:2)
  Snorg (D:12)
  A fire dragon (Lair:6)
  Erolcha (D:13)
  A vault guard (D:15)
  2 ghost crabs
  An anaconda (Lair:6)
  A death knight (D:15)
  2 shambling mangroves
  4 centaur warriors
  13 hydras
  8 two-headed ogres
  3 dancing weapons (Elf:1)
  The ghost of Borgoz the Fighter, a journeyman GrBe of Trog (D:10)
  9 alligators
  An ogre mage (D:15)
  7 death yaks
  2 orc high priests
  The ghost of Borgoz the Fighter, a novice GrBe of Trog (D:9)
  A deep elf knight (Elf:1)
  An unseen horror (D:13)
  8 swamp dragons
  A spriggan druid (Swamp:3)
  2 orange crystal statues
  A glowing orange brain (D:15)
  A lindwurm (Swamp:4)
  A deep elf archer (Elf:1)
  4 orc knights
  A necromancer (D:13)
  2 wolf spiders (D:15)
  9 ugly things
  4 oklob plants
  8 orc sorcerers
  16 deep elf magi
  2 cyclopes
  An elephant (Lair:2)
  A salamander (shapeshifter) (D:15)
  4 centaur zombies
  2 ice statues
  Maurice (D:11)
  4 black mambas
  A minotaur zombie (Gauntlet)
  Psyche (D:9)
  A gargoyle (D:11)
  A torpor snail (Gauntlet)
  3 centaur skeletons
  16 cane toads
  2 kobold demonologists
  14 komodo dragons
  6 rime drakes
  2 freezing wraiths
  3 efreet
  6 jumping spiders (Lair:2)
  4 trolls
  A wind drake (shapeshifter) (D:15)
  11 tyrant leeches
  22 polar bears
  2 queen bees
  9 hornets
  A queen bee (shapeshifter) (D:15)
  17 slime creatures
  9 bog bodies
  5 dream sheep (Lair:4)
  3 raiju (Lair:6)
  27 blink frogs
  15 hippogriffs
  A meliai zombie (D:14)
  Sigmund (D:4)
  A centaur simulacrum (D:15)
  6 spriggans
  6 wraiths
  4 redbacks (Lair:2)
  57 yaks
  A vampire (D:9)
  7 fire elementals
  4 shadows
  A yak (shapeshifter) (D:13)
  Eustachio (D:6)
  8 basilisks
  A hog (shapeshifter) (D:15)
  6 wyverns
  A steam dragon (Lair:6)
  6 vampire mosquitoes
  3 insubstantial wisps (Swamp:2)
  15 wargs
  Menkaure (D:4)
  A soldier ant (D:15)
  13 swamp worms
  2 acid dragons
  14 water moccasins
  16 hell hounds
  12 ice beasts
  A sky beast (D:5)
  9 porcupines
  8 swamp drakes
  19 orc warriors
  2 phantoms
  12 black bears
  A necrophage (D:15)
  25 wolves
  10 ogres
  16 centaurs
  17 crocodiles
  Blork the orc (D:5)
  A wyvern zombie (D:7)
  14 bullfrogs
  2 water moccasin zombies (Ossuary)
  A wyvern skeleton (D:13)
  4 scorpions
  47 killer bees
  7 howler monkeys
  25 wights
  An electric eel (Lair:3)
  3 lava snakes (D:8)
  6 hounds
  45 orc wizards
  A bullfrog zombie (D:13)
  4 jellies
  2 quasits
  10 orc priests
  A bullfrog skeleton (D:6)
  Ijyb (D:4)
  3 iguanas
  7 worker ants
  2 big kobold zombies (Ossuary)
  3 hound skeletons
  2 mummies (Ossuary)
  11 gnolls
  14 adders
  A river rat (Lair:2)
  4 shadow imps
  2 white imps
  2 ufetubi
  3 oozes
  5 adder zombies
  An adder skeleton (D:8)
  A worm (D:4)
  6 dart slugs
  5 leopard geckos
  96 orcs
  2 ball pythons (D:1)
  10 bats
  3 bat zombies (D:3)
  6 giant cockroaches
  5 goblins
  8 hobgoblins
  10 jackals
  2 quokkas
  9 frilled lizards
  A gnoll zombie (Ossuary)
  A goblin zombie (D:6)
  5 hobgoblin zombies (Ossuary)
  A jackal zombie (D:7)
  9 kobolds
  4 kobold zombies (Ossuary)
  A leopard gecko skeleton (D:8)
  9 orc zombies (Ossuary)
  A quokka zombie (D:6)
  6 rats
  A rat zombie (D:3)
1072 creatures vanquished.

Vanquished Creatures (others)
  An alligator (Swamp:3)
  A rime drake (Gauntlet)
  2 polar bears (IceCv)
  3 wolves (IceCv)
  A crocodile (Lair:6)
  An orc wizard (Orc:2)
  An iguana (Lair:6)
  3 orcs
  A bush (D:15)
  18 fungi
  41 plants
  4 toadstools (D:9)
77 creatures vanquished.

Grand Total: 1149 creatures vanquished

Notes
Turn   | Place    | Note
-------+----------+-------------------------------------------
     0 | D:1      | Borgoz the Gargoyle Berserker began the quest for the Orb.
     0 | D:1      | Reached XP level 1. HP: 14/14 MP: 1/1
   171 | D:1      | Reached XP level 2. HP: 12/19 MP: 2/2
   498 | D:1      | Reached XP level 3. HP: 18/23 MP: 3/3
   888 | D:1      | Reached ** piety under Trog
  1266 | D:2      | Reached XP level 4. HP: 28/29 MP: 4/4
  1644 | D:2      | Found a faded altar of an unknown god.
  2304 | D:3      | Reached XP level 5. HP: 32/33 MP: 5/5
  2325 | D:3      | Found a sparkling altar of Nemelex Xobeh.
  2326 | D:3      | Noticed a centaur
  2347 | D:3      | Killed a centaur
  2368 | D:3      | Reached XP level 6. HP: 16/39 MP: 6/6
  2403 | D:3      | Reached *** piety under Trog
  2961 | D:3      | Found an ancient bone altar of Kikubaaqudgha.
  3058 | D:4      | Noticed a phantom
  3064 | D:4      | Noticed Ijyb
  3084 | D:4      | Killed Ijyb
  3131 | D:4      | Killed a phantom
  3131 | D:4      | Reached skill level 5 in Fighting
  3131 | D:4      | Reached XP level 7. HP: 39/44 MP: 7/7
  3280 | D:4      | Noticed Sigmund
  3322 | D:4      | Killed Sigmund
  3322 | D:4      | Reached skill level 5 in Maces & Flails
  3322 | D:4      | Reached skill level 5 in Armour
  3334 | D:4      | Noticed Menkaure
  3340 | D:4      | Killed Menkaure
  3340 | D:4      | Reached XP level 8. HP: 51/51 MP: 8/8
  3445 | D:4      | Found a shimmering altar of Xom.
  3445 | D:4      | Found a shimmering altar of Xom.
  3453 | D:4      | Found a shimmering altar of Xom.
  3453 | D:4      | Found a shimmering altar of Xom.
  3454 | D:4      | Found a shimmering altar of Xom.
  3454 | D:4      | Found a shimmering altar of Xom.
  3457 | D:4      | Found a shimmering altar of Xom.
  4065 | D:5      | Entered Level 5 of the Dungeon
  4167 | D:5      | Found a white marble altar of Elyvilon.
  4170 | D:5      | Noticed Blork the orc
  4180 | D:5      | Killed Blork the orc
  4212 | D:5      | Found a shadowy altar of Dithmenos.
  4784 | D:6      | Reached **** piety under Trog
  4819 | D:6      | Found a sand-covered staircase.
  4819 | D:6      | Noticed Eustachio
  4838 | D:6      | Killed Eustachio
  4851 | Ossuary  | Entered an ossuary
  4878 | Ossuary  | Reached XP level 9. HP: 55/56 MP: 9/9
  4936 | Ossuary  | Reached skill level 5 in Dodging
  5408 | D:6      | Found a staircase to the Ecumenical Temple.
  5608 | D:7      | Reached ***** piety under Trog
  6169 | D:7      | Reached XP level 10. HP: 62/64 MP: 10/10
  6419 | D:8      | Found a glowing silver altar of Zin.
  6615 | D:8      | Noticed an orange crystal statue
  7420 | D:9      | Found Durgh's Weapon Emporium.
  7420 | D:9      | Found a staircase to the Orcish Mines.
  7438 | D:9      | Found Qidum's Armour Emporium.
  7588 | D:9      | Noticed Psyche
  7606 | D:9      | Killed Psyche
  7822 | D:9      | Found a runed translucent door.
  7822 | D:9      | Noticed Borgoz's ghost (novice GrBe)
  7905 | D:9      | Killed Borgoz's ghost
  8021 | D:10     | Entered Level 10 of the Dungeon
  8061 | D:10     | Reached XP level 11. HP: 71/71 MP: 11/11
  8104 | D:10     | Noticed Borgoz's ghost (journeyman GrBe)
  8112 | D:10     | Found a runed translucent door.
  8359 | D:10     | Found a sacrificial altar of Ru.
  8701 | D:10     | Found a basalt altar of Yredelemnul.
  8718 | D:10     | Found a staircase to the Lair.
  8786 | D:10     | Got a bloodstained robe
  8829 | Lair:1   | Entered Level 1 of the Lair of Beasts
  8876 | Lair:1   | Reached skill level 10 in Fighting
  8984 | Lair:1   | Reached ****** piety under Trog
  9163 | Lair:1   | Reached skill level 10 in Armour
 10230 | Lair:2   | Noticed an oklob plant
 10266 | Lair:2   | Reached skill level 10 in Maces & Flails
 10268 | Lair:2   | Reached XP level 12. HP: 79/79 MP: 12/12
 10478 | Lair:2   | Found a hole to the Spider Nest.
 11189 | Lair:3   | Found a gate leading to a gauntlet.
 11209 | Gauntlet | Entered a Gauntlet
 11209 | Gauntlet | Found a transporter.
 11250 | Gauntlet | Found a transporter.
 11250 | Gauntlet | Found a transporter.
 11250 | Gauntlet | Found a transporter.
 11271 | Gauntlet | Found a transporter.
 11271 | Gauntlet | Found a transporter.
 11278 | Gauntlet | Received a gift from Trog
 11481 | Gauntlet | Got a shimmering executioner's axe {god gift}
 11483 | Gauntlet | Identified the +8 executioner's axe "Hongo" {vorpal, rPois
                  | Dex+2} (Trog gifted it to you in a Gauntlet)
 11494 | Gauntlet | Found a transporter.
 11495 | Gauntlet | Got a sparkling crystal amulet
 11508 | Gauntlet | Identified the amulet of Pyur {Spirit *Slow rF++ Dex+5}
                  | (You found it in a Gauntlet)
 11513 | Gauntlet | Found a transporter.
 11513 | Gauntlet | Found a transporter.
 11555 | Gauntlet | Found a transporter.
 11575 | Gauntlet | Found a transporter.
 11577 | Gauntlet | Found a transporter.
 11577 | Gauntlet | Found a transporter.
 11631 | Gauntlet | Noticed a death yak
 11631 | Gauntlet | Noticed a death yak
 11631 | Gauntlet | Noticed a death yak
 11632 | Gauntlet | Noticed a death yak
 11632 | Gauntlet | Noticed a death yak
 11640 | Gauntlet | Noticed a death yak
 11723 | Gauntlet | Killed a death yak
 11730 | Gauntlet | Killed a death yak
 11750 | Gauntlet | Found a transporter.
 11761 | Gauntlet | Killed a death yak
 11772 | Gauntlet | Killed a death yak
 11802 | Gauntlet | Killed a death yak
 11802 | Gauntlet | Reached XP level 13. HP: 63/86 MP: 13/13
 11840 | Gauntlet | Got a twitching amber ring
 11842 | Gauntlet | Identified the ring of Wonder {rN+ MP+9 Str+3 Stlth-} (You
                  | found it in a Gauntlet)
 11856 | Gauntlet | Noticed a minotaur
 11870 | Gauntlet | Killed a minotaur
 12382 | Lair:3   | Found a staircase to the Swamp.
 13792 | Lair:4   | Reached skill level 10 in Dodging
 15076 | Lair:6   | Entered Level 6 of the Lair of Beasts
 15133 | Lair:6   | Found a staircase to the Slime Pits.
 15608 | Lair:6   | Gained mutation: Your large and strong wings let you fly
                  | indefinitely. [Gargoyle growth]
 15608 | Lair:6   | Reached XP level 14. HP: 87/92 MP: 12/14
 16027 | Lair:6   | Reached skill level 1 in Evocations
 17453 | Lair:3   | Got a faintly glowing scimitar
 17495 | Lair:3   | Identified the +6 scimitar "Fozuhow" {pain, rElec Dex+3}
                  | (You found it on level 3 of the Lair of Beasts)
 18072 | D:10     | Killed Borgoz's ghost
 18628 | D:8      | Found an ornate altar of the Wu Jian Council.
 18765 | D:11     | Identified a scroll of acquirement
 18768 | D:11     | Acquired the +2 pair of gloves "Ucweik" {rC+}
 18836 | D:11     | Noticed Maurice
 18846 | D:11     | Killed Maurice
 18905 | D:11     | Found a frozen archway.
 18947 | IceCv    | Entered an ice cave
 18996 | IceCv    | Got a polished chain mail
 19007 | IceCv    | Identified the +0 chain mail "Qeusk" {rElec rPois rC-
                  | Int+4} (You found it in an ice cave)
 19372 | IceCv    | Received a gift from Trog
 19372 | IceCv    | Reached XP level 15. HP: 93/99 MP: 15/15
 19373 | IceCv    | Got a crystal dire flail {god gift}
 19374 | IceCv    | Identified the +10 dire flail of Uncertain Death {vorpal,
                  | Dex+5} (Trog gifted it to you in an ice cave)
 19605 | IceCv    | Noticed a frost giant
 19623 | IceCv    | Killed a frost giant
 20910 | D:12     | Found Japrax's General Store.
 20910 | D:12     | Noticed Azrael
 20936 | D:12     | Killed Azrael
 21134 | D:12     | Noticed Snorg
 21135 | D:12     | Noticed Frances
 21145 | D:12     | Killed Snorg
 21150 | D:12     | Killed Frances
 21657 | D:13     | Received a gift from Trog
 22156 | D:13     | Found a gate to the Vaults.
 22286 | D:13     | Noticed Erolcha
 22296 | D:13     | Killed Erolcha
 22443 | D:13     | Found Wunac's Book Shoppe.
 22460 | D:13     | Noticed Jorgrun
 22474 | D:13     | Killed Jorgrun
 22474 | D:13     | Reached skill level 5 in Evocations
 23327 | D:14     | You are sucked into a shaft and drop 1 floor!
 23327 | D:15     | Entered Level 15 of the Dungeon
 23474 | D:15     | Reached XP level 16. HP: 91/107 MP: 14/16
 23674 | D:15     | Received a gift from Trog
 23960 | D:15     | Got a fabulously ornate robe
 23971 | D:15     | Found a staircase to the Depths.
 23996 | D:15     | Reached skill level 15 in Fighting
 24153 | D:15     | Found a portal to a secret trove of treasure.
 24430 | D:15     | Reached skill level 15 in Maces & Flails
 25144 | D:14     | Found a glowing golden altar of the Shining One.
 25231 | D:12     | Bought a potion of mutation for 112 gold pieces
 25231 | D:12     | Bought a scroll of identify for 28 gold pieces
 25492 | Orc:1    | Entered Level 1 of the Orcish Mines
 25897 | Orc:2    | Entered Level 2 of the Orcish Mines
 26162 | Orc:2    | Received a gift from Trog
 26272 | Orc:2    | Found a roughly hewn altar of Beogh.
 26600 | Orc:2    | Found Itwipt's Magic Scroll Boutique.
 26637 | Orc:2    | Found Udis's Jewellery Shoppe.
 26846 | Orc:1    | Found a roughly hewn altar of Beogh.
 27013 | Orc:2    | Found a staircase to the Elven Halls.
 27132 | Orc:2    | Found Azymnuli's Magic Scroll Shoppe.
 27132 | Orc:2    | Found Qakk's Jewellery Boutique.
 27210 | Orc:1    | Paralysed by an orc sorcerer for 4 turns
 27215 | Orc:1    | Found Zasamot's Gadget Boutique.
 27709 | Orc:1    | Received a gift from Trog
 27822 | Orc:1    | Found a roughly hewn altar of Beogh.
 27875 | Orc:2    | Bought a scroll of acquirement for 780 gold pieces
 27875 | Orc:2    | Bought a scroll of acquirement for 780 gold pieces
 27875 | Orc:2    | Bought a scroll of teleportation for 45 gold pieces
 27875 | Orc:2    | Bought a scroll of teleportation for 45 gold pieces
 27875 | Orc:2    | Bought a scroll of magic mapping for 52 gold pieces
 27875 | Orc:2    | Bought a scroll of teleportation for 45 gold pieces
 27876 | Orc:2    | Acquired a manual of Fighting
 27877 | Orc:2    | Acquired 330 gold pieces
 27942 | Orc:2    | Bought a scroll of blinking for 82 gold pieces
 27977 | Elf:1    | Entered Level 1 of the Elven Halls
 28517 | Swamp:1  | Entered Level 1 of the Swamp
 28536 | Swamp:1  | Got a buzzing lajatang
 28877 | Swamp:1  | Reached XP level 17. HP: 115/115 MP: 17/17
 28975 | Swamp:1  | You are sucked into a shaft and drop 1 floor!
 28976 | Swamp:2  | Noticed Roxanne
 28991 | Swamp:2  | Killed Roxanne
 28993 | Swamp:2  | Received a gift from Trog
 30580 | Swamp:3  | Received a gift from Trog
 30693 | Swamp:3  | Reached skill level 15 in Armour
 31669 | Swamp:4  | Entered Level 4 of the Swamp
 31968 | Swamp:4  | Noticed the 27-headed Lernaean hydra
 31976 | Swamp:4  | HP: 5/116 [the 27-headed Lernaean hydra (4)]
 31984 | Swamp:4  | Slain by the 27-headed Lernaean hydra

Illustrated notes

Levels and vault maps discovered:
D:1:      dpeg_arrival_stonehenge_8_columns, layout_basic, minmay_vboxes
D:2:      layout_basic, chequers_ecumenical_altar_grove
D:3:      layout_rooms, lemuel_doored_altar, lemuel_zombie_altar_kikubaaqudgha
D:4:      layout_basic, xom_redecorated, moated_statue, uniq_menkaure,
          uniq_sigmund, uniq_ijyb
D:5:      layout_loops_ring, old_standard_altar, elyvilon_altar_5,
          uniq_blork_the_orc
D:6:      layout_rooms, minmay_temple_entry_tees, enter_ossuary_4,
          uniq_eustachio
D:7:      layout_basic, hex_intersection
D:8:      minmay_chambers_of_fours, layout_rooms,
          nicolae_overflow_hidden_temple, zin_treasury, disabler_island
D:9:      layout_long_grid, orc_david_3, gammafunk_ghost_grave,
          minmay_gold_behind_fungi, uniq_psyche
D:10:     layout_loops_corners, lair_entry_dummy,
          hellmonk_ghost_happy_afterlife, basic_altar,
          nicolae_ru_sacrificial_ziggurat
D:11:     layout_loops_corners, portal_ice_cave_entry_ice_beasts, uniq_maurice
D:12:     layout_big_octagon, serial_shops, shop, uniq_azrael, uniq_frances,
          uniq_snorg
D:13:     layout_gridville, david_vaults_4, serial_shops, kennysheep_little_box,
          uniq_jorgrun, uniq_erolcha
D:14:     layout_loops_ring, tso_altar
D:15:     gammafunk_enter_depths_forms, layout_loops_ring, minmay_hedge_maze,
          enter_trove_5, grunt_tough_drop
Lair:1:   layout_gridlike
Lair:2:   regret_index_harrowing_hell_hive, layout_gridlike,
          nicolae_spider_entry_tight_spaces, chequers_serial_rivers_micro_e,
          chequers_serial_rivers_micro_e
Lair:3:   layout_roguey, nicolae_swamp_entry_splash_gauntlet,
          gauntlet_entry_generic, infiniplex_staircase_pool_2,
          grunt_megastairs_2, minmay_lair_oklob_chamber
Lair:4:   layout_roguey, beast_lair_carwin_3, serial_bayou_shore_b
Lair:5:   layout_regular_city, beast_lair_carwin_1
Lair:6:   guppyfry_lair_end_dragon, layout_misc_corridors,
          hangedman_lair_caniforms_friends, slime_dummy, hibernation_bobbens
Swamp:1:  layout_falls_marsh, nicolae_swamp_fairy_circle
Swamp:2:  layout_falls_marsh, hangedman_swamp_ruin_hall,
          infiniplex_staircase_pool, uniq_roxanne
Swamp:3:  layout_basic_swamp, evilmike_swamp_ruin_house_3, swamp_pool4,
          cheibrodos_swamp_slimy
Swamp:4:  swamp_alternative, layout_basic_swamp
Orc:1:    layout_caves, serial_shops, nicolae_shop_statue_plus, basic_altar,
          kennysheep_orc_chapel
Orc:2:    st_orc_town, layout_diamond_mine, nicolae_orc_rockfall
Elf:1:    eino_elf_arrival_shootout, layout_rooms, hangedman_elf_represent

Skill      XL: |  1  2  3  4  5  6  7  8  9 10 11 12 13 14 15 16 17 |
---------------+----------------------------------------------------+-----
Dodging        | 2 3 4 5 7 8 9 10 11 12 13 14 | 14.2
Armour         | 3 4 5 6 7 9 10 11 12 13 14 15 | 15.2
Fighting       | 4 5 6 8 9 10 12 13 14 15 16 | 16.9
Maces & Flails | 4 5 6 7 8 10 11 12 13 14 15 16 | 16.6
Evocations     | 3 5 |  5.0

Action                   |  1- 3 |  4- 6 |  7- 9 | 10-12 | 13-15 | 16-18 || total
-------------------------+-------+-------+-------+-------+-------+-------++-------
Melee: Mace              |    90 |   102 |       |       |       |       ||   192
       Flail             |       |   144 |   311 |       |       |       ||   455
       Morningstar       |       |       |   100 |       |       |       ||   100
       Dire flail        |       |       |    66 |   877 |  1643 |  1082 ||  3668
Throw: Throwing net      |       |       |       |     1 |       |     1 ||     2
Invok: Berserk           |     3 |     3 |     5 |    10 |    14 |     6 ||    41
       Trog's Hand       |       |       |     2 |     2 |     1 |     4 ||     9
       Brothers in Arms  |       |       |       |     1 |       |       ||     1
 Abil: Fly               |       |       |       |       |     1 |       ||     1
  Use: Scroll            |       |       |    16 |     5 |    13 |    10 ||    44
       Potion            |       |       |       |     4 |       |     3 ||     7
 Stab: Invisible         |       |       |       |     1 |       |       ||     1
       Confused          |       |       |       |       |     3 |     1 ||     4
       Distracted        |       |       |       |       |     1 |       ||     1
       Sleeping          |       |       |       |       |       |     2 ||     2
       Held in net/web   |       |       |       |       |       |     3 ||     3
Armor: Animal skin       |    54 |    44 |       |       |       |       ||    98
       Plate armour      |       |   206 |   335 |       |       |       ||   541
       Scale mail        |       |       |     1 |   536 |    97 |       ||   634
       Acid dragon scale |       |       |       |       |   530 |   361 ||   891
Dodge: Dodged            |    99 |   182 |   297 |   967 |  1847 |  1110 ||  4502
       Repelled          |       |       |       |       |       |    14 ||    14

Table legend: (Time is in decaauts)
 A = Elapsed time spent in this place.
 B = Non-inter-level travel time spent in this place.
 C = Inter-level travel time spent in this place.
 D = Time resting spent in this place.
 E = Time spent auto-exploring this place.
 F = Levels seen in this place.
 G = Mean time per level.
                   A        B        C        D        E       F      G
               +--------+--------+--------+--------+--------+-----+--------+
         Total |  31279 |  29130 |   2149 |   4572 |  17545 |  31 | 1009.0 |
       Dungeon |  14925 |  13622 |   1303 |   1620 |   8944 |  15 |  995.0 |
          Lair |   8273 |   7717 |    556 |   1015 |   4999 |   6 | 1378.8 |
         Swamp |   3281 |   3218 |     63 |    569 |   1998 |   4 |  820.2 |
  Orcish Mines |   2426 |   2212 |    214 |    636 |   1054 |   2 | 1213.0 |
   Elven Halls |    293 |    281 |     12 |     40 |     53 |   1 |  293.0 |
       Ossuary |    246 |    246 |      0 |      0 |     82 |   1 |  246.0 |
      Ice Cave |   1021 |   1021 |      0 |    234 |    387 |   1 | 1021.0 |
      Gauntlet |    810 |    810 |      0 |    457 |     27 |   1 |  810.0 |
               +--------+--------+--------+--------+--------+-----+--------+

Top non-repeatable levels by time:
  Lair:6: 2121 daAuts
  Lair:2: 1593 daAuts
    D:15: 1521 daAuts
    D:13: 1303 daAuts
     D:1: 1298 daAuts
  Lair:3: 1283 daAuts
   Orc:2: 1268 daAuts
  Lair:1: 1230 daAuts
   Orc:1: 1158 daAuts
     D:9: 1123 daAuts
  Lair:4: 1112 daAuts
    D:10: 1110 daAuts
     D:4: 1081 daAuts
 Swamp:3: 1048 daAuts
     D:2: 1034 daAuts
